 Dungeon Crawl Stone Soup version 0.20.2-3-g29329e0561 (webtiles) character file.

2123 Alfie the Carver (level 9, -1/79 HPs)
             Began as a Minotaur Fighter on Oct 15, 2020.
             Slain by a wight
             ... wielding a +3 morningstar
              (3 damage)
             ... on level 6 of the Dungeon.
             The game lasted 00:10:09 (3733 turns).

Alfie the Carver (Minotaur Fighter)                 Turns: 3733, Time: 00:10:09

Health: -1/79      AC:  7    Str: 23    XL:     9   Next: 8%
Magic:  8/8        EV:  9    Int:  5    God:
Gold:   268        SH: 11    Dex: 11    Spells: 7/8 levels left

rFire    . . .     SeeInvis .   a - +1 long sword
rCold    . . .     Gourm    .   c - +0 shield
rNeg     . . .     Faith    .   b - +0 scale mail
rPois    .         Spirit   .   (helmet restricted)
rElec    .         Reflect  .   (no cloak)
rCorr    .         Harm     .   (no gloves)
MR       .....                  (no boots)
Stlth    +.........             (no amulet)
Regen    0.3/turn               n - ring of stealth
MPRegen  0.2/turn               (no ring)

@: drained
A: retaliatory headbutt, horns 2
a: no special abilities


You were on level 6 of the Dungeon.
You were not hungry.

You visited 1 branch of the dungeon, and saw 6 of its levels.

You collected 268 gold pieces.

Inventory:

Hand Weapons
 a - a +1 long sword (weapon)
Armour
 b - a +0 scale mail (worn)
 c - a +0 shield (worn)
Jewellery
 k - the amulet of the Air {Inacc +Fly rElec EV+5 RMsl}
   (You found it on level 4 of the Dungeon)

   [amulet of inaccuracy]

   It reduces the accuracy of all your attacks.
   It affects your evasion (+5).
   It insulates you from electricity.
   It lets you fly.
   It protects you from missiles.
 n - a ring of stealth (left hand)
 o - an uncursed ring of resist corrosion
 q - an uncursed amulet of rage {unknown}
Wands
 l - a wand of random effects (36/48)
 p - a wand of confusion (17/48)
 s - a wand of lightning (9/15)
Scrolls
 i - a scroll of teleportation
 j - a scroll of remove curse
Potions
 d - a potion of might
 e - a potion of brilliance
Books
 m - a book of Callings

   Spells                             Type                      Level
   a - Summon Small Mammal            Summoning                    1
   b - Call Imp                       Summoning                    2
   c - Call Canine Familiar           Summoning                    3
   d - Summon Guardian Golem          Hexes/Summoning              3
   e - Summon Lightning Spire         Summoning/Air                4
   f - Summon Ice Beast               Ice/Summoning                4
Comestibles
 f - 3 bread rations
 g - 2 fruits
 h - a meat ration


   Skills:
 + Level 7.0(6.7) Fighting
 + Level 8.8(8.5) Long Blades
 + Level 7.3(7.1) Armour
 + Level 2.4(2.1) Dodging
 + Level 1.4(1.1) Stealth
 + Level 7.4(7.1) Shields


You had 7 spell levels left.
You knew the following spells:

 Your Spells              Type           Power        Failure   Level  Hunger
a - Summon Small Mammal   Summ           #...         98%         1    ##.....


Dungeon Overview and Level Annotations

Branches:
Dungeon (6/15)             Temple (0/1) D:6

Altars:
Kikubaaqudgha
Okawaru
Ru
Xom

Shops:
D:4 (


Innate Abilities, Weirdness & Mutations

You reflexively headbutt those who attack you in melee.
You have a pair of horns on your head.


Message History

You feel drained.
* * * LOW HITPOINT WARNING * * *
You closely miss the wight. Your headbutt misses the wight.
The wight is lightly damaged.
You block the wight's attack.
The wight hits you with an enchanted morningstar.
* * * LOW HITPOINT WARNING * * *
You closely miss the wight. Your headbutt misses the wight.
The wight is lightly damaged.
The wight hits you but does no damage.
The wight hits you with an enchanted morningstar!
* * * LOW HITPOINT WARNING * * *
You hit the wight.
The wight is moderately damaged.
The wight hits you with an enchanted scimitar.
* * * LOW HITPOINT WARNING * * *
You slash the wight!
The wight is severely damaged.
The wight hits you with an enchanted morningstar.
You die...

....### #.....# ###
#.....##...#........
#.....##...#........
##.....#....... .....#
#............. #....
#...zzz....... #.§..
#....@.......# #..§§
#............#####..§§
#.............#.....§§
#.............#....§§§
#....................§
#..........#...###....
#..........#...# #....
##..(.......#)..# #....
#...........#...#######


You could see 3 wights.

Vanquished Creatures
  The ghost of Alfie the Slasher, a novice MiFi (D:6)
  Sigmund (D:5)
  The ghost of Alfie the Shield-Bearer, an amateur MiFi (D:4)
  Menkaure (D:5)
  An orc warrior (D:6)
  2 ice beasts
  A phantom (D:5)
  2 ogres
  A scorpion (D:6)
  4 wights (D:6)
  2 crimson imps
  A hound (D:5)
  3 orc wizards
  An orc priest (D:3)
  An iguana (D:5)
  Ijyb (D:4)
  4 worker ants
  8 adders
  An ooze (D:6)
  3 worms (D:2)
  3 leopard geckos
  12 orcs
  2 giant cockroaches
  7 goblins
  9 hobgoblins
  2 jackals (D:1)
  3 kobolds
  A quokka (D:3)
  6 bats
  4 frilled lizards
  A quokka zombie (D:5)
  5 rats
95 creatures vanquished.

Notes
Turn   | Place    | Note
-------+----------+-------------------------------------------
     0 | D:1      | Alfie the Minotaur Fighter began the quest for the Orb.
     0 | D:1      | Reached XP level 1. HP: 19/19 MP: 0/0
   166 | D:1      | Reached XP level 2. HP: 24/27 MP: 1/1
   771 | D:1      | Reached skill level 3 in Long Blades
   771 | D:1      | Reached XP level 3. HP: 17/33 MP: 2/2
  1212 | D:2      | Reached XP level 4. HP: 40/40 MP: 3/3
  1483 | D:3      | Found a shimmering altar of Xom.
  1484 | D:3      | Found an iron altar of Okawaru.
  1484 | D:3      | Found a sacrificial altar of Ru.
  1485 | D:3      | Found an ancient bone altar of Kikubaaqudgha.
  1775 | D:3      | Reached skill level 4 in Long Blades
  1775 | D:3      | Reached XP level 5. HP: 43/46 MP: 4/4
  1787 | D:3      | Reached skill level 5 in Shields
  2230 | D:4      | Noticed Alfie's ghost (amateur MiFi)
  2232 | D:4      | Noticed Ijyb
  2250 | D:4      | Killed Alfie's ghost
  2250 | D:4      | Reached skill level 5 in Long Blades
  2250 | D:4      | Reached skill level 5 in Armour
  2250 | D:4      | Reached skill level 1 in Dodging
  2250 | D:4      | Reached XP level 6. HP: 15/53 MP: 5/5
  2258 | D:4      | Killed Ijyb
  2396 | D:4      | Found Analott's Antique Weapon Shop.
  2456 | D:5      | Entered Level 5 of the Dungeon
  2461 | D:5      | Noticed an ice beast
  2477 | D:5      | Reached XP level 7. HP: 33/60 MP: 6/6
  2482 | D:5      | Reached skill level 5 in Fighting
  2518 | D:5      | Reached skill level 6 in Long Blades
  2991 | D:5      | Noticed Sigmund
  3002 | D:5      | Killed Sigmund
  3007 | D:5      | Noticed Menkaure
  3012 | D:5      | Killed Menkaure
  3012 | D:5      | Reached skill level 7 in Long Blades
  3012 | D:5      | Reached XP level 8. HP: 70/70 MP: 7/7
  3315 | D:5      | Learned a level 1 spell: Summon Small Mammal
  3415 | D:6      | Noticed Alfie's ghost (novice MiFi)
  3480 | D:6      | Killed Alfie's ghost
  3480 | D:6      | Reached skill level 8 in Long Blades
  3509 | D:6      | Reached skill level 1 in Stealth
  3618 | D:6      | Found a staircase to the Ecumenical Temple.
  3653 | D:6      | Reached XP level 9. HP: 23/78 MP: 8/8
  3732 | D:6      | HP: 2/79 [wight/enchanted scimitar (5)]
  3733 | D:6      | Slain by a wight

Skill      XL: |  1  2  3  4  5  6  7  8  9 |
---------------+----------------------------+-----
Shields        | 4 5 6 7 |  7.4
Long Blades    | 3 4 5 7 8 |  8.8
Armour         | 4 5 6 7 |  7.3
Fighting       | 4 5 6 7 |  7.0
Dodging        | 1 2 |  2.4
Stealth        | 1 |  1.4

Action                   |  1- 3 |  4- 6 |  7- 9 || total
-------------------------+-------+-------+-------++-------
Melee: Long sword        |   100 |   124 |   145 ||   369
       Headbutt          |     9 |    29 |    32 ||    70
  Use: Scroll            |     2 |     5 |     6 ||    13
       Potion            |     2 |       |     3 ||     5
  Eat: Fruit             |     1 |     1 |     3 ||     5
       Bread ration      |       |     1 |       ||     1
       Chunk             |       |     1 |       ||     1
Armor: Scale mail        |    51 |    44 |    28 ||   123
Dodge: Dodged            |    24 |    38 |    39 ||   101
Block: Shield            |    58 |    72 |    62 ||   192
       Rpst.: Long sword |     6 |    10 |    10 ||    26
